 Dungeon Crawl Stone Soup version 0.31-a0-620-gd1cbd99268 (console) character file.

Game seed: 3096338297436697443

7242 Ignak the Thaumaturge (level 11, -2/81 HPs)
             Began as a Gnoll Air Elementalist on Aug 23, 2023.
             Was a Believer of Sif Muna.
             Slain by a boulder beetle (24 damage)
             ... on level 8 of the Dungeon.
             The game lasted 00:33:05 (12217 turns).

Ignak the Thaumaturge (Gnoll Air Elementalist)     Turns: 12217, Time: 00:33:06

Health: -2/81      AC:  5    Str: 10    XL:     11   Next: 12%
Magic:  12/23      EV: 14    Int: 20    God:    Sif Muna [**....]
Gold:   636        SH:  0    Dex: 12    Spells: 10/26 levels left

rFire   . . .        a - +5 long sword (freeze)
rCold   . . .        (no shield)
rNeg    + + .        G - +0 troll leather armour
rPois   .            (no helmet)
rElec   .            l - +0 cloak
rCorr   .            (no gloves)
SInv    +            (no boots)
Will    .....        t - amulet of Syewkoeg {Regen+ SInv}
Stlth   +++          E - ring "Riaj" {Fire rN++ Str+3}
HPRegen 1.93/turn    k - ring of ice
MPRegen 0.18/turn

%: no passive effects
@: sluggish, very slow
A: fangs 1, strong nose, distributed training
a: Renounce Religion, Channel Magic


You were on level 8 of the Dungeon.
You worshipped Sif Muna.
Sif Muna was pleased with you.
You visited 2 branches of the dungeon, and saw 10 of its levels.
You also visited: Sewer.

You collected 636 gold pieces.

Inventory:

Hand Weapons
 a - a +5 long sword of freezing (weapon)
 b - a +4 dagger of freezing
 c - a +3 short sword
 H - a +3 war axe
Missiles
 q - 2 throwing nets
 r - 23 poisoned darts (quivered)
Armour
 l - a +0 cloak (worn)
 G - a +0 troll leather armour (worn)
Jewellery
 k - a ring of ice (right hand)
 t - the amulet of Syewkoeg (around neck) {Regen+ SInv}
   (You took it off an orc wizard on level 7 of the Dungeon)

   [amulet of regeneration]

   SInv:      It lets you see invisible.
   Regen+:    It increases your rate of health regeneration.
 E - the ring "Riaj" (left hand) {Fire rN++ Str+3}
   (You found it on level 7 of the Dungeon)

   [ring of fire]

   Fire:      It enhances your fire magic.
   Str+3:     It affects your strength (+3).
   rF+:       It protects you from fire.
   rC-:       It makes you vulnerable to cold.
   rN++:      It greatly protects you from negative energy.
 F - the amulet "Etwedih" {Acrobat rC+ Will+ rCorr Str-5}
   (You took it off a deep elf pyromancer on level 7 of the Dungeon)

   [amulet of the acrobat]

   Acrobat:   It increases your evasion while moving and waiting.
   Str-5:     It affects your strength (-5).
   rC+:       It protects you from cold.
   Will+:     It increases your willpower.
   rCorr:     It protects you from acid and corrosion.
Wands
 y - a wand of charming (9)
 J - a wand of mindburst (7)
 L - a wand of quicksilver (3)
Scrolls
 f - a scroll of amnesia {unknown}
 g - 3 scrolls of enchant armour {unknown}
 i - a scroll of poison
 j - 3 scrolls of enchant weapon
 m - a scroll of immolation {unknown}
 n - a scroll of silence
 s - 2 scrolls of fog {unknown}
 u - 2 scrolls of blinking
 v - a scroll of vulnerability
 x - a scroll of summoning {unknown}
 B - a scroll of noise {unknown}
Potions
 d - 2 potions of enlightenment
 e - a potion of mutation {unknown}
 h - a potion of heal wounds
 o - 3 potions of curing
 p - a potion of attraction {unknown}
 w - 2 potions of brilliance {unknown}
 z - a potion of cancellation {unknown}
 A - a potion of invisibility {unknown}
 C - a potion of berserk rage {unknown}
 D - 2 potions of haste {unknown}
 I - a potion of lignification {unknown}
 K - 3 potions of magic


   Skills:
 + Level 6.1 Fighting
 + Level 6.1 Short Blades
 + Level 6.1 Long Blades
 + Level 6.1 Axes
 + Level 6.1 Maces & Flails
 + Level 6.1 Polearms
 + Level 6.1 Staves
 + Level 6.1 Ranged Weapons
 + Level 6.1 Throwing
 + Level 6.1 Armour
 + Level 7.7 Dodging
 + Level 7.5 Stealth
 + Level 6.1 Shields
 + Level 6.1 Unarmed Combat
 + Level 8.0 Spellcasting
 + Level 5.5 Conjurations
 + Level 5.0 Hexes
 + Level 5.0 Summonings
 + Level 5.0 Necromancy
 + Level 5.0 Translocations
 + Level 5.0 Transmutations
 + Level 5.0 Fire Magic
 + Level 5.0 Ice Magic
 + Level 7.5 Air Magic
 + Level 5.0 Earth Magic
 + Level 5.0 Poison Magic
 + Level 6.7 Invocations
 + Level 6.1 Evocations
 + Level 5.5 Shapeshifting


You had 10 spell levels left.
You knew the following spells:

 Your Spells              Type           Power      Damage    Failure   Level
a - Shock                 Conj/Air       100%       1d9       1%          1
b - Swiftness             Air            38%        N/A       1%          3
c - Airstrike             Air            19%        2d(3-19)  4%          4
d - Ozocubu's Armour      Ice            42%        N/A       4%          3
f - Stone Arrow           Conj/Erth      58%        3d10      3%          3
t - Passwall              Tmut/Erth      23%        N/A       1%          2

Your spell library contained the following spells:

 Spells                   Type           Power      Damage    Failure   Level
 Sandblast                Erth           56%        2d13      1%          1
 Static Discharge         Conj/Air       68%        2-5/arc   1%          2
 Metabolic Englaciation   Hex/Ice        21%        N/A       36%         5
 Simulacrum               Ice/Necr       21%        N/A       91%         6


Dungeon Overview and Level Annotations

Branches:
Dungeon (9/15)             Temple (1/1) D:7           Sewer (visited)
   Lair: D:8-11         Orc: D:9-12

Altars:
Ashenzari
Cheibriados
Dithmenos
Elyvilon
Fedhas
Gozag
Hepliaklqana
Kikubaaqudgha
Makhleb
Nemelex Xobeh
Okawaru
Qazlal
Ru
Sif Muna
Trog
Uskayaw
Vehumet
Wu Jian
Xom
Yredelemnul
The Shining One


Innate Abilities, Weirdness & Mutations

You have very sharp teeth.
Your uncanny sense of smell can sniff out nearby items.
Your experience applies equally to all skills.


Message History

You feel quick.
The two-headed ogre zombie hits you but does no damage. x2
Your icy armour will break if you move.
Continue? [Y]es or [N]o only, please.
Your icy armour will break if you move.
Continue?
Okay, then.
Your icy armour will break if you move.
Continue?
Your icy armour cracks and falls away as you move.
Found 13 gold pieces.
Found a stone staircase leading down.
The boulder beetle leaps!
An orc zombie comes into view.
You start to feel a little slower.
The boulder beetle curls into a ball and begins rolling!
An ogre zombie comes into view.
The boulder beetle misses you.
The boulder beetle stops rolling and uncurls.
There is a stone staircase leading up, spattered with blood here.
The boulder beetle bites you!!
You climb upwards.
You feel sluggish.
There is a stone staircase leading down, spattered with blood here.
Things that are here:
a +0 robe; a +0 robe
Press: ? - help, v - describe, . - travel
Here: a boulder beetle (moderately wounded)
The floor.
Things that are here:
a +0 robe; a +3 great sword The boulder beetle curls into a ball and begins rolling!
Casting: Swiftness (safe; 1% risk of failure)
Confirm with . or Enter, or press ? or * to list all spells.
Aiming: Passwall (safe; 1% risk of failure)
Press: ? - help, Dir - move target A rock wall.
The boulder beetle hits you!!
* * * LOW HITPOINT WARNING * * *
The boulder beetle stops rolling and uncurls.
You begin to meditate on the wall.
You continue meditating on the rock.
The boulder beetle bites you!!
You die...

.##.# #######..##### #### ....#
#............# #... .####
#............#########.## .#
#..##..................# .#
#..##........#########.# (#
#..##........##...####.## .#
#..##......()##.......... .#
#.....)................## .#
#.###..B@........#####.# .#
#.####>###.#.##### #.# .#
#....[.......# #.#
.#############.###.### #.#
.......#.........#.# #.#
.#####.#.#####.#.#.###########.##
.# #.#.# ##...)........)....## .#
#.#.# ##......#############. )#
#.#.# #............# #.


You could see a boulder beetle.

Vanquished Creatures
  A centaur warrior (D:9)
  A two-headed ogre (D:8)
  A deep elf pyromancer (D:7)
  A komodo dragon (D:7)
  A troll (D:7)
  Sigmund (D:2)
  3 wyverns (D:8)
  A wraith (D:6)
  A water moccasin (Sewer)
  2 orc warriors
  A sky beast (D:7)
  An ice beast (D:4)
  6 centaurs
  2 ogres
  2 phantoms
  A kobold brigand (D:7)
  A bullfrog (D:8)
  3 scorpions
  4 wights (D:8)
  8 howler monkeys
  A crimson imp (D:5)
  7 hounds
  A gnoll bouda (D:5)
  3 jellies
  7 orc priests
  5 iguanas
  Terence (D:2)
  8 orc wizards
  An ogre zombie (D:9)
  8 adders
  13 gnolls
  A shadow imp (D:7)
  3 white imps
  An ufetubus (D:6)
  A worm (D:2)
  3 dart slugs
  17 orcs
  9 bats
  6 endoplasms
  7 giant cockroaches
  37 goblins
  30 hobgoblins
  13 jackals
  8 kobolds
  11 quokkas
  15 ball pythons
  2 frilled lizards
  A goblin skeleton (D:9)
  A hobgoblin skeleton (D:9)
  A hobgoblin zombie (D:9)
  9 orc zombies (D:9)
  11 rats
284 creatures vanquished.

Vanquished Creatures (collateral kills)
  A kobold demonologist (D:7)
  A wraith (D:7)
  A vampire (D:7)
  An orc warrior (D:7)
  A black bear (D:7)
  3 centaurs (D:7)
  A bullfrog (D:7)
  A wight (D:7)
  A jelly (D:7)
  A sleepcap (D:7)
12 creatures vanquished.

Vanquished Creatures (others)
  A quokka (D:7)
1 creature vanquished.

Grand Total: 297 creatures vanquished

Notes
Turn   | Place    | Note
-------+----------+-------------------------------------------
     0 | D:1      | Ignak the Gnoll Air Elementalist began the quest for the
                  | Orb.
     0 | D:1      | Reached XP level 1. HP: 13/13 MP: 6/6
   112 | D:1      | Reached XP level 2. HP: 19/19 MP: 4/7
   431 | D:1      | Found a faded altar of an unknown god.
   499 | D:1      | Reached skill level 5 in Spellcasting
   499 | D:1      | Reached XP level 3. HP: 24/25 MP: 7/9
   719 | D:2      | Reached skill level 1 in Invocations
   928 | D:2      | Learned a level 3 spell: Swiftness
   939 | D:2      | Reached skill level 1 in Fighting
   939 | D:2      | Reached skill level 1 in Short Blades
   939 | D:2      | Reached skill level 1 in Long Blades
   939 | D:2      | Reached skill level 1 in Axes
   939 | D:2      | Reached skill level 1 in Maces & Flails
   939 | D:2      | Reached skill level 1 in Polearms
   939 | D:2      | Reached skill level 1 in Staves
   939 | D:2      | Reached skill level 1 in Ranged Weapons
   939 | D:2      | Reached skill level 1 in Throwing
   939 | D:2      | Reached skill level 1 in Armour
   939 | D:2      | Reached skill level 1 in Shields
   939 | D:2      | Reached skill level 1 in Unarmed Combat
   939 | D:2      | Reached skill level 1 in Evocations
  1067 | D:2      | Reached skill level 1 in Shapeshifting
  1067 | D:2      | Reached XP level 4. HP: 32/32 MP: 6/11
  1109 | D:2      | Learned a level 4 spell: Airstrike
  1300 | D:2      | Noticed Terence
  1310 | D:2      | Killed Terence
  1311 | D:2      | Reached skill level 1 in Hexes
  1311 | D:2      | Reached skill level 1 in Summonings
  1311 | D:2      | Reached skill level 1 in Necromancy
  1311 | D:2      | Reached skill level 1 in Translocations
  1311 | D:2      | Reached skill level 1 in Transmutations
  1311 | D:2      | Reached skill level 1 in Fire Magic
  1311 | D:2      | Reached skill level 1 in Ice Magic
  1311 | D:2      | Reached skill level 1 in Earth Magic
  1311 | D:2      | Reached skill level 1 in Poison Magic
  1641 | D:2      | Noticed Sigmund
  1883 | D:2      | Killed Sigmund
  1884 | D:2      | Reached skill level 5 in Dodging
  1884 | D:2      | Reached XP level 5. HP: 7/38 MP: 5/12
  1884 | D:2      | Reached XP level 6. HP: 9/44 MP: 5/14
  2819 | D:3      | Reached XP level 7. HP: 25/50 MP: 11/15
  3243 | D:3      | Identified the amulet "Idghuj" {Faith rCorr Str-4 Int+3
                  | Dex+2}
  4268 | D:4      | Reached skill level 5 in Stealth
  4654 | D:4      | Reached XP level 8. HP: 28/57 MP: 14/16
  5424 | D:5      | Entered Level 5 of the Dungeon
  5469 | D:5      | Found a glowing drain.
  5489 | Sewer    | Entered a sewer
  5560 | Sewer    | Reached skill level 6 in Spellcasting
  7046 | D:6      | Found a shadowy altar of Dithmenos.
  7162 | D:6      | Reached XP level 9. HP: 65/65 MP: 7/18
  7185 | D:6      | Learned a level 3 spell: Ozocubu's Armour
  7434 | D:6      | Learned a level 3 spell: Stone Arrow
  7437 | D:6      | Learned a level 2 spell: Passwall
  7793 | D:7      | Found a staircase to the Ecumenical Temple.
  7823 | Temple   | Entered the Ecumenical Temple
  7839 | Temple   | Became a worshipper of Sif Muna the Loreminder
  7944 | D:7      | Found a snail-covered altar of Cheibriados.
  7945 | D:7      | Found a runed translucent door.
  7949 | D:7      | Found a broken altar of Ashenzari.
  8588 | D:7      | Found a white marble altar of Elyvilon.
  9291 | D:7      | Noticed a komodo dragon
  9516 | D:7      | Reached skill level 5 in Invocations
  9521 | D:7      | Killed a komodo dragon
  9659 | D:6      | Reached skill level 7 in Spellcasting
  9885 | D:7      | Identified the amulet of Syewkoeg {Regen+ SInv}
  9896 | D:7      | Identified the ring "Riaj" {Fire rN++ Str+3}
  9904 | D:7      | Identified the amulet "Daec" {Spirit rCorr Int+3 Dex-5
                  | Slay+3}
  9907 | D:7      | Noticed a gargoyle
  9908 | D:7      | Identified the amulet "Etwedih" {Acrobat rC+ Will+ rCorr
                  | Str-5}
  9908 | D:7      | Noticed a deep elf pyromancer
  9922 | D:7      | Noticed a kobold demonologist
 10111 | D:7      | Found a runed translucent door.
 10113 | D:7      | Found a runed translucent door.
 10113 | D:7      | Noticed a troll
 10296 | D:7      | Killed a deep elf pyromancer
 10297 | D:7      | Reached skill level 5 in Fighting
 10297 | D:7      | Reached skill level 5 in Short Blades
 10297 | D:7      | Reached skill level 5 in Long Blades
 10297 | D:7      | Reached skill level 5 in Axes
 10297 | D:7      | Reached skill level 5 in Maces & Flails
 10297 | D:7      | Reached skill level 5 in Polearms
 10297 | D:7      | Reached skill level 5 in Staves
 10297 | D:7      | Reached skill level 5 in Ranged Weapons
 10297 | D:7      | Reached skill level 5 in Throwing
 10297 | D:7      | Reached skill level 5 in Armour
 10297 | D:7      | Reached skill level 5 in Shields
 10297 | D:7      | Reached skill level 5 in Unarmed Combat
 10297 | D:7      | Reached skill level 5 in Evocations
 10297 | D:7      | Reached XP level 10. HP: 62/74 MP: 13/20
 10694 | D:7      | Killed a kobold demonologist
 10758 | D:7      | Reached skill level 5 in Conjurations
 10801 | D:7      | Reached skill level 5 in Shapeshifting
 11392 | D:8      | Reached * piety under Sif Muna
 11394 | D:8      | Noticed a two-headed ogre
 11406 | D:8      | Killed a two-headed ogre
 11554 | D:8      | Found an opulent altar of Gozag.
 12127 | D:8      | Reached XP level 11. HP: 74/81 MP: 8/22
 12147 | D:9      | Reached ** piety under Sif Muna
 12173 | D:9      | Noticed a boulder beetle
 12175 | D:9      | Noticed a centaur warrior
 12197 | D:9      | Killed a centaur warrior
 12198 | D:9      | Reached skill level 8 in Spellcasting
 12198 | D:9      | Reached skill level 5 in Hexes
 12198 | D:9      | Reached skill level 5 in Summonings
 12198 | D:9      | Reached skill level 5 in Necromancy
 12198 | D:9      | Reached skill level 5 in Translocations
 12198 | D:9      | Reached skill level 5 in Transmutations
 12198 | D:9      | Reached skill level 5 in Fire Magic
 12198 | D:9      | Reached skill level 5 in Ice Magic
 12198 | D:9      | Reached skill level 5 in Earth Magic
 12198 | D:9      | Reached skill level 5 in Poison Magic
 12217 | D:8      | Slain by a boulder beetle

Illustrated notes

Levels and vault maps discovered:
D:1:      spicycebolla_arrival_clurvy, layout_rooms,
          shapermc_ecumenical_altar_totnotflames
D:2:      layout_basic, grunt_ministairs_2, serial_bayou_lagoon_a,
          kennysheep_another_room, uniq_sigmund, uniq_terence
D:3:      minmay_goblin_kobold_castle, layout_loops_ring
D:4:      layout_basic, serial_bayou_pond_c, minmay_distorted
D:5:      minmay_evil_eye, layout_basic, gup_sewer_entry_pipe,
          minmay_fire_ice_demons
D:6:      layout_rooms, nicolae_dithmenos_the_darkroom
D:7:      minmay_the_grid_triangle_9x9_recursive_2
          [minmay_the_grid_triangle_9x9_prize_special,
          minmay_the_grid_triangle_9x9_longest,
          minmay_the_grid_triangle_9x9_thin_v,
          minmay_the_grid_triangle_9x9_fully_insulated_deathbox],
          layout_gridville, elyvilon_altar_4,
          chequers_temple_overflow_statue_of_worship, minmay_temple_entry_glass
D:8:      layout_loops_ring, nicolae_gozag_cash_rules_everything_around_me,
          nicolae_elevator_lobby_asterisk
D:9:      layout_rooms, zin_treasury, zombieorc2_lemuel, kb_rosetta
Temple:   eino_temple_rhombus

Skill      XL: |  1  2  3  4  5  6  7  8  9 10 11 |
---------------+----------------------------------+-----
Conjurations   | 2 3 4 5 |  5.5
Spellcasting   | 5 6 7 8 |  8.0
Invocations    | 1 2 3 4 5 6 |  6.7
Fighting       | 1 2 3 5 6 |  6.1
Short Blades   | 1 2 3 5 6 |  6.1
Long Blades    | 1 2 3 5 6 |  6.1
Axes           | 1 2 3 5 6 |  6.1
Maces & Flails | 1 2 3 5 6 |  6.1
Polearms       | 1 2 3 5 6 |  6.1
Staves         | 1 2 3 5 6 |  6.1
Ranged Weapons | 1 2 3 5 6 |  6.1
Throwing       | 1 2 3 5 6 |  6.1
Armour         | 1 2 3 5 6 |  6.1
Shields        | 1 2 3 5 6 |  6.1
Unarmed Combat | 1 2 3 5 6 |  6.1
Evocations     | 1 2 3 5 6 |  6.1
Shapeshifting  | 1 2 3 4 5 |  5.5
Hexes          | 1 2 3 4 5 |  5.0
Summonings     | 1 2 3 4 5 |  5.0
Necromancy     | 1 2 3 4 5 |  5.0
Translocations | 1 2 3 4 5 |  5.0
Transmutations | 1 2 3 4 5 |  5.0
Fire Magic     | 1 2 3 4 5 |  5.0
Ice Magic      | 1 2 3 4 5 |  5.0
Earth Magic    | 1 2 3 4 5 |  5.0
Poison Magic   | 1 2 3 4 5 |  5.0
Dodging        | 5 6 7 |  7.7
Stealth        | 5 6 7 |  7.5
Air Magic      | 6 7 |  7.5

Action                     |  1- 3 |  4- 6 |  7- 9 | 10-12 || total
---------------------------+-------+-------+-------+-------++-------
  Melee: Unarmed           |    14 |       |       |       ||    14
         Bite              |     5 |    10 |    45 |    17 ||    77
         Short sword       |    41 |     6 |       |       ||    47
         Dagger            |       |   129 |   341 |    77 ||   547
         Punch             |       |     2 |    10 |     4 ||    16
         Long sword        |       |       |       |    14 ||    14
         War axe           |       |       |       |     6 ||     6
  Throw: Dart              |       |       |     4 |     3 ||     7
   Cast: Shock             |    47 |    36 |    52 |       ||   135
         Swiftness         |       |     1 |     9 |     2 ||    12
         Airstrike         |       |       |    27 |     8 ||    35
         Stone Arrow       |       |       |    28 |    23 ||    51
         Ozocubu's Armour  |       |       |     1 |     3 ||     4
         Passwall          |       |       |       |     5 ||     5
 Invoke: Channel Magic     |       |       |       |     1 ||     1
  Evoke: Wand              |       |       |     4 |     3 ||     7
    Use: Potion            |     1 |     2 |     4 |     2 ||     9
         Scroll            |       |     2 |     8 |       ||    10
   Stab: Sleeping          |       |     4 |    14 |     3 ||    21
 Armour: Robe              |    12 |    35 |    59 |     1 ||   107
         Ring mail         |       |       |     1 |       ||     1
         Troll leather arm |       |       |       |    46 ||    46
  Dodge: Dodged            |    65 |   107 |   226 |   145 ||   543

Table legend: (Time is in decaauts)
 A = Elapsed time spent in this place.
 B = Non-inter-level travel time spent in this place.
 C = Inter-level travel time spent in this place.
 D = Time resting spent in this place.
 E = Time spent auto-exploring this place.
 F = Levels seen in this place.
 G = Mean time per level.
                   A        B        C        D        E       F      G
               +--------+--------+--------+--------+--------+-----+--------+
         Total |  12165 |  11873 |    292 |   2525 |   5500 |  11 | 1105.9 |
       Dungeon |  11958 |  11697 |    261 |   2522 |   5457 |   9 | 1328.7 |
        Temple |     32 |      1 |     31 |      0 |      0 |   1 |   32.0 |
         Sewer |    174 |    174 |      0 |      3 |     43 |   1 |  174.0 |
               +--------+--------+--------+--------+--------+-----+--------+

Top non-repeatable levels by time:
     D:7: 2239 daAuts
     D:3: 1808 daAuts
     D:6: 1589 daAuts
     D:4: 1434 daAuts
     D:5: 1408 daAuts
     D:2: 1254 daAuts
     D:8: 1219 daAuts
     D:1: 903 daAuts
   Sewer: 174 daAuts
     D:9: 99 daAuts
  Temple: 32 daAuts
